 Dungeon Crawl Stone Soup version 0.31-a0-154-g56bf346678 (webtiles) character file.

Game seed: 10381901799916052661

218939 ryw the Peltast (level 18, -8/169 HPs)
             Began as a Demonspawn Monk on June 11, 2023.
             Was a High Priest of Okawaru.
             Engulfed by a death drake's foul pestilence (9 damage)
             ... on level 3 of the Abyss.
             The game lasted 01:43:15 (47093 turns).

ryw the Peltast (Demonspawn Monk)                  Turns: 47093, Time: 01:43:16

Health: -8/169     AC: 23    Str: 19    XL:     18   Next: 43%
Magic:  23/23      EV: 14    Int: 14    God:    Okawaru [*****.]
Gold:   1200       SH:  0    Dex: 30    Spells: 17/17 levels left

rFire   + . .        a - +7 falchion "Beetlebane" {heavy, rF+ Dex+3}
rCold   + + .        x - +2 kite shield {reflect}
rNeg    + . .        v - +1 plate armour "Coziaqoywi" {Fly rC+ rN+ Str+3}
rPois   .            (helmet unavailable)
rElec   +            J - scarf {shadows}
rCorr   .            W - +2 pair of gloves
SInv    +            e - +2 pair of boots
Will    ++...        K - amulet of regeneration Stlth
                     k - ring of willpower
HPRegen 0.00/turn    X - ring "Seddawoh" {rElec Str+4 Dex+6 Stlth+}
MPRegen 0.18/turn

%: reflection
@: confused, mighty, lethally poisoned (-8 -> -51), ambrosia-drunk, corroded,
sick, flying, slowed, studying Dodging, very slow
A: antennae 3, icy blue scales 3, powered by death 1, powered by pain 2, robust
1, deterioration 1
}: 1/15 runes: barnacled
a: Renounce Religion, Heroism, Finesse, Duel


You were on level 3 of the Abyss.
You worshipped Okawaru.
Okawaru was extremely pleased with you.
You visited 5 branches of the dungeon, and saw 29 of its levels.
You visited the Abyss 1 time.
You also visited: Gauntlet.

You collected 3546 gold pieces.
You spent 2346 gold pieces at shops.

Inventory:

Hand Weapons
 a - the +7 falchion "Beetlebane" (weapon) {heavy, rF+ Dex+3}
   (You took it off an orc warrior on level 10 of the Dungeon)

   Dex:       It affects your dexterity (+3).
   rF:        It protects you from fire.
 b - a +4 scimitar of flaming
 R - a +4 antimagic demon blade
 T - a +7 demon blade of protection
Missiles
 z - 3 throwing nets
 N - 10 silver javelins
Armour
 e - a +2 pair of boots (worn)
 o - a +0 tower shield
 v - the +1 plate armour "Coziaqoywi" (worn) {Fly rC+ rN+ Str+3}
   (Okawaru gifted it to you on level 14 of the Dungeon)

   Str:       It affects your strength (+3).
   rC:        It protects you from cold.
   rN:        It protects you from negative energy.
   Fly:       It grants you flight.
 x - a +2 kite shield of reflection (worn)
 J - a scarf of shadows (worn)
 W - a +2 pair of gloves (worn)
Magical Staves
 t - the staff of cold "Ytugunn" {rElec rPois rC+ rCorr Int+4}
   (You found it on level 4 of the Shoals)

   [staff of cold]

   Base accuracy: +5 Base damage: 5 Base attack delay: 1.2 This weapon's minimum
   attack delay (0.6) is reached at skill level 12.
   Int:       It affects your intelligence (+4).
   rC:        It protects you from cold.
   rElec:     It insulates you from electricity.
   rPois:     It protects you from poison.
   rCorr:     It protects you from acid and corrosion.
   It falls into the 'Staves' category.
   It is a one-handed weapon.
Jewellery
 g - a ring of resist corrosion
 k - a ring of willpower (left hand)
 s - an amulet of guardian spirit
 u - a ring of see invisible
 y - a +6 ring of dexterity
 H - the ring of Itonn {rN+ Int+2 Stlth+}
   (You found it in a Gauntlet)

   [ring of positive energy]

   Int:       It affects your intelligence (+2).
   rN:        It protects you from negative energy.
   Stlth:     It makes you more stealthy.
 K - an amulet of regeneration (around neck)
 M - an amulet of reflection
 X - the ring "Seddawoh" (right hand) {rElec Str+4 Dex+6 Stlth+}
   (You bought it in a shop on level 2 of the Orcish Mines)

   [ring of dexterity]

   Str:       It affects your strength (+4).
   Dex:       It affects your dexterity (+6).
   rElec:     It insulates you from electricity.
   Stlth:     It makes you more stealthy.
Wands
 d - a wand of digging (9)
 n - a wand of flame (66)
 r - a wand of light (20)
 w - a wand of iceblast (34) (quivered)
 P - a wand of polymorph (6)
Scrolls
 f - 2 scrolls of blinking
 h - 8 scrolls of teleportation
 i - 5 scrolls of poison
 j - 6 scrolls of fog
 q - 2 scrolls of silence
 B - 3 scrolls of magic mapping
 F - 4 scrolls of fear
 L - 6 scrolls of vulnerability
 S - 3 scrolls of amnesia
 Z - 14 scrolls of identify
Potions
 c - a potion of might
 l - 5 potions of brilliance
 m - a potion of invisibility
 p - 3 potions of lignification
 D - 3 potions of ambrosia
 E - 3 potions of cancellation
 G - 3 potions of enlightenment
 I - 3 potions of haste
 O - 2 potions of resistance
 U - 4 potions of berserk rage
 V - a potion of mutation
 Y - 2 potions of attraction
Miscellaneous
 Q - a lightning rod (4/4)


   Skills:
 + Level 17.1 Fighting
 - Level 14.1 Long Blades
 + Level 7.3 Throwing
 + Level 11.3 Armour
 + Level 10.7 Dodging
 + Level 19.3 Shields
 - Level 3.0 Unarmed Combat
 + Level 7.1 Invocations


You had 17 spell levels left.
You didn't know any spells.
Your spell library contained the following spells:

 Spells                   Type           Power      Damage    Failure   Level
 Apportation              Tloc           0%         N/A       100%        1
 Foxfire                  Conj/Fire      0%         2x1d4     100%        1
 Necrotise                Necr           0%         1d4       100%        1
 Sting                    Tmut/Pois      0%         1d3       100%        1
 Cigotuvi's Dreadful Rot  Necr/Pois/Air  0%         N/A       100%        2
 Poisonous Vapours        Pois/Air       0%         N/A       100%        2
 Dazzling Flash           Conj/Hex       0%         N/A       100%        3
 Gell's Gravitas          Tloc           0%         N/A       100%        3
 Ignite Poison            Fire/Tmut/Pois 0%         N/A       100%        3
 Inner Flame              Hex/Fire       0%         N/A       100%        3
 Mephitic Cloud           Conj/Pois/Air  0%         N/A       100%        3
 Teleport Other           Tloc           0%         N/A       100%        3
 Vampiric Draining        Necr           0%         2d6       100%        3
 Volatile Blastmotes      Fire/Tloc      0%         2d10      100%        3
 Anguish                  Hex/Necr       0%         N/A       100%        4
 Dispel Undead            Necr           0%         3d6       100%        4
 Flame Wave               Conj/Fire      0%         2d4       100%        4
 Fulminant Prism          Conj/Hex       0%         3d5       100%        4
 Iskenderun's Mystic Bla  Conj/Tloc      0%         2d3       100%        4
 Leda's Liquefaction      Hex/Erth       0%         N/A       100%        4
 Manifold Assault         Tloc           0%         N/A       100%        4
 Olgreb's Toxic Radiance  Pois           0%         N/A       100%        4
 Petrify                  Tmut/Erth      0%         N/A       100%        4
 Sticky Flame             Conj/Fire      0%         2d3       100%        4
 Agony                    Necr           0%         N/A       100%        5
 Blade Hands              Tmut           0%         N/A       100%        5
 Borgnjor's Vile Clutch   Necr/Erth      0%         N/A       100%        5
 Fireball                 Conj/Fire      0%         3d3       100%        5
 Irradiate                Conj/Tmut      0%         3d11      100%        5
 Iskenderun's Battlesphe  Conj           0%         2d6       100%        5
 Lee's Rapid Deconstruct  Erth           0%         3d4*      100%        5
 Metabolic Englaciation   Hex/Ice        0%         N/A       100%        5
 Conjure Ball Lightning   Conj/Air       0%         3x3d6     100%        6
 Dispersal                Tloc           0%         N/A       100%        6
 Leda's Unmaking          Conj/Erth      0%         9d1       100%        6
 Plasma Beam              Fire/Air       0%         2x1d10    100%        6
 Starburst                Conj/Fire      0%         6d3       100%        6
 Statue Form              Tmut/Erth      0%         N/A       100%        6
 Dragon Form              Tmut           0%         N/A       100%        7
 Orb of Destruction       Conj           0%         9d5       100%        7
 Discord                  Hex            0%         N/A       100%        8
 Disjunction              Tloc           0%         N/A       100%        8
 Ignition                 Fire           0%         3d3       100%        8
 Summon Small Mammal      Summ           Unusable   N/A       N/A         1
 Summon Guardian Golem    Hex/Summ       Unusable   N/A       N/A         3
 Animate Dead             Necr           Unusable   N/A       N/A         4
 Death Channel            Necr           Unusable   N/A       N/A         6
 Spellforged Servitor     Conj/Summ      Unusable   N/A       N/A         7

Dungeon Overview and Level Annotations

Branches:
Dungeon (15/15)            Temple (0/1) D:7            Lair (5/5) D:11
 Shoals (4/4) Lair:2        Snake (0/4) Lair:2        Slime (0/5) Lair:5
    Orc (2/2) D:11            Elf (3/3) Orc:2        Vaults (0/5) D:14
 Depths (0/4) D:15        Gauntlet (visited)

Altars:
Gozag
Kikubaaqudgha
Makhleb
Nemelex Xobeh
Okawaru
Trog
Xom
Jiyva

Shops:
D:9 =   D:11 :   Orc:2 =![[   Elf:1 (?((

Annotations:
D:5 2 runed translucent doors
Lair:5 2 transporters, javelincjr's ghost, adept DjCj
Shoals:2 Ilsuiw


Innate Abilities, Weirdness & Mutations

You have a pair of large antennae on your head. (SInv)
You are completely covered in icy blue scales. (AC +4, rC+)
You regenerate a little health from kills.
You sometimes gain power by taking damage.
You are robust. (+10% HP)
Your body sometimes deteriorates upon taking damage.


Message History

You carve the tentacled starspawn like a ham!!!
You destroy the tentacled starspawn!
Okawaru accepts your kill.
The starspawn's tentacles wither and die.
A tentacle flies out from the starspawn's body!
The demonspawn corrupter calls down the wrath of Lugonu upon you.
The entropic weave corrodes you!
A starspawn tentacle comes into view.
You slash the tentacled starspawn!
You destroy the tentacled starspawn!
Okawaru accepts your kill.
The starspawn's tentacles wither and die.
The demonspawn corrupter calls forth creatures from the Abyss!
A small abomination comes into view.
The demonspawn corrupter barely misses you.
The demonspawn corrupter kicks you!
* * * LOW HITPOINT WARNING * * *
A starcursed mass splits.
You block the small abomination's attack.
A starcursed mass splits.
A chorus of shrieks assaults your mind.
* * * LOW HITPOINT WARNING * * *
You slice the small abomination!!
You destroy the small abomination!
Okawaru accepts your kill.
You are confused.
You feel invigorated.
The death drake bites you but does no damage.
A starcursed mass splits.
The demonspawn corrupter calls forth creatures from the Abyss!
The death drake breathes miasma at you. The foul vapour engulfs you.
You are lethally poisoned!
You feel yourself slow down.
* * * LOW HITPOINT WARNING * * *
You slice the death drake!!
The death drake is heavily wounded.
You are engulfed in dark miasma.
You are more poisoned.
You die...

... { ##.
{# #..# #
#.##{. #
#..##°#.#
##...°°°#
#.. #{. #
..
#.#####.#
#.#.##@# #
#.{..#k##
#..#{36X#{
#..##X###X#
{ #.#. ###


Xx# #..## .○. . ..## { .. { You could see 4 starcursed masses, a demonspawn
corrupter, a death drake (catching breath), a neqoxec and a small abomination.

Vanquished Creatures
  Jorgrun (D:14)
  A deep elf master archer (Elf:3)
  A kraken (Shoals:2)
  A deep elf blademaster (Elf:2)
  Kirke (Lair:3)
  Frances (D:13)
  Polyphemus (Shoals:4)
  2 tentacled starspawn (Abyss:3)
  Roxanne (Elf:1)
  The ghost of lotum the Stormcaller, a journeyman DrCj of Vehumet (Lair:4)
  An orc warlord (Orc:2)
  A quicksilver ooze (Gauntlet)
  A formless jellyfish (Shoals:3)
  Azrael (D:13)
  Nessos (D:13)
  A purple draconian (Abyss:3)
  2 deep elf annihilators
  A minotaur (Gauntlet)
  Snorg (Lair:3)
  4 merfolk javelineers
  A fire dragon (D:15)
  A deep elf high priest (Elf:3)
  7 merfolk impalers
  An ice dragon (D:15)
  Erolcha (D:11)
  3 catoblepae
  9 centaur warriors
  An alligator snapping turtle (Shoals:4)
  6 boulder beetles
  3 hydras
  3 merfolk avatars
  2 vault guards (D:14)
  Erica (D:8)
  6 merfolk aquamancers
  A demonic crawler (Abyss:3)
  9 two-headed ogres
  4 tengu warriors
  4 death yaks
  5 orc high priests (Orc:2)
  2 satyrs
  23 dancing weapons
  Urug (D:12)
  A wretched star (Abyss:3)
  7 deep elf knights (Elf:2)
  A shadow wraith (D:14)
  4 skeletal warriors
  A spatial maelstrom (Abyss:3)
  12 skysharks
  18 sea snakes
  5 deep elf archers
  19 deep elf zephyrmancers
  Pikel (D:8)
  A wizard (D:14)
  5 orc knights
  A necromancer (D:14)
  10 harpies
  8 ugly things
  2 oklob plants (Lair:2)
  4 fauns
  20 deep elf pyromancers
  9 cyclopes
  A will-o-the-wisp (Lair:4)
  6 orc sorcerers
  A guardian serpent (shapeshifter) (D:11)
  17 manticores
  7 merfolk sirens
  9 elephants
  Joseph (D:8)
  6 water nymphs
  9 black mambas
  The ghost of benadryl the Shooter, a novice DgHu (D:5)
  A smoke demon (Abyss:3)
  2 black mambas (shapeshifter)
  6 rime drakes
  9 cane toads
  2 gargoyles
  4 komodo dragons
  3 unseen horrors
  Psyche (D:8)
  A hellion (Abyss:3)
  3 efreet
  9 trolls
  4 ancient zymes (Abyss:3)
  22 merfolk
  A queen bee (D:9)
  2 large abominations (Abyss:3)
  6 meliai
  3 harpy zombies (Shoals:1)
  Grinder (D:5)
  A hellwing (Abyss:3)
  7 wind drakes
  7 blink frogs
  8 polar bears
  7 hornets
  13 snapping turtles
  10 dream sheep
  A vampire (D:12)
  A shapeshifter (D:15)
  14 spriggans
  4 slime creatures
  2 hogs (Lair:3)
  A ynoxinul (Gauntlet)
  12 water elementals
  76 yaks
  6 fire elementals
  11 basilisks
  A human (shapeshifter) (D:14)
  5 wraiths
  5 wyverns
  25 humans
  4 vampire mosquitoes
  A neqoxec (Abyss:3)
  A steam dragon (D:9)
  A chaos spawn (Abyss:3)
  Grum (D:8)
  4 wargs
  A spatial vortex (Abyss:3)
  A naga (Lair:2)
  4 acid dragons
  18 water moccasins
  Edmund (D:6)
  A floating eye (Lair:2)
  2 small abominations (Abyss:3)
  3 hell hounds (D:13)
  A swamp drake (Lair:4)
  58 orc warriors
  Duvessa (D:5)
  A manticore zombie (Shoals:1)
  3 sky beasts (D:8)
  2 ice beasts
  3 black bears
  10 ogres
  38 wolves
  7 boggarts
  6 centaurs
  A phantom (D:5)
  A kobold brigand (D:11)
  15 bullfrogs
  2 gnoll sergeants
  2 earth elementals (Elf:1)
  6 scorpions
  A wight (D:8)
  Dowan (D:5)
  23 killer bees
  6 howler monkeys
  A crimson imp (D:10)
  18 jellies
  3 iron imps (Gauntlet)
  2 hounds
  A gnoll bouda (D:8)
  26 orc priests
  A sleepcap (D:6)
  An iguana (D:5)
  12 starcursed masses (Abyss:3)
  Ijyb (D:5)
  21 orc wizards
  3 centaur simulacra (D:5)
  A bullfrog simulacrum (D:5)
  A killer bee simulacrum (D:5)
  Robin (D:2)
  6 gnolls
  7 adders
  A hound simulacrum (D:5)
  6 white imps
  2 worms
  5 dart slugs
  105 orcs
  4 bats
  A bat zombie (Shoals:1)
  5 endoplasms
  2 giant cockroaches (D:1)
  19 goblins
  6 hobgoblins
  13 kobolds
  4 quokkas
  12 ball pythons
  3 frilled lizards
  9 rats
  4 tentacles (Shoals:2)
1141 creatures vanquished.

Vanquished Creatures (others)
  A deep elf zephyrmancer (Elf:2)
  2 deep elf pyromancers
  An unseen horror (D:13)
  A harpy zombie (Shoals:1)
  A wind drake (Shoals:4)
  A merfolk (Shoals:3)
  A vampire (D:13)
  8 foxfires (Lair:4)
  8 starspawn tentacles (Abyss:3)
  6 tentacles (Shoals:2)
30 creatures vanquished.

Grand Total: 1171 creatures vanquished

Notes
Turn   | Place    | Note
-------+----------+-------------------------------------------
     0 | D:1      | ryw the Demonspawn Monk began the quest for the Orb.
     0 | D:1      | Reached XP level 1. HP: 18/18 MP: 1/1
    91 | D:1      | You fall into a shaft and drop 1 floor!
    98 | D:2      | Found an iron altar of Okawaru.
   113 | D:2      | Became a worshipper of Warmaster Okawaru
   113 | D:2      | Reached * piety under Okawaru
   113 | D:2      | Reached ** piety under Okawaru
   293 | D:2      | Gained mutation: You have a pair of small antennae on your
                  | head. [demonic ancestry]
   293 | D:2      | Reached XP level 2. HP: 21/24 MP: 2/2
   417 | D:1      | Gained mutation: You sometimes gain a little power by
                  | taking damage. [demonic ancestry]
   417 | D:1      | Reached XP level 3. HP: 29/30 MP: 3/3
  1503 | D:2      | Reached XP level 4. HP: 38/38 MP: 4/4
  1676 | D:3      | Found a faded altar of an unknown god.
  2102 | D:3      | Noticed Robin
  2121 | D:2      | Reached skill level 1 in Long Blades
  2201 | D:2      | Killed Robin
  2237 | D:3      | Reached skill level 1 in Shields
  2751 | D:4      | Noticed a scorpion
  2767 | D:4      | Killed a scorpion
  2768 | D:4      | Gained mutation: You sometimes gain power by taking damage.
                  | [demonic ancestry]
  2768 | D:4      | Reached XP level 5. HP: 11/43 MP: 5/5
  3098 | D:4      | Reached skill level 5 in Fighting
  3259 | D:4      | Reached *** piety under Okawaru
  3260 | D:4      | Reached skill level 2 in Shields
  3260 | D:4      | Reached XP level 6. HP: 15/51 MP: 6/6
  4265 | D:5      | Entered Level 5 of the Dungeon
  4384 | D:5      | Found a runed translucent gate.
  4384 | D:5      | Found a runed translucent gate.
  4384 | D:5      | Found a runed translucent gate.
  4448 | D:5      | Noticed Grinder
  4448 | D:5      | Paralysed by Grinder for 3 turns
  4473 | D:5      | Paralysed by Grinder for 4 turns
  4489 | D:5      | Killed Grinder
  4490 | D:5      | Reached skill level 1 in Throwing
  4490 | D:5      | Reached skill level 3 in Shields
  4490 | D:5      | Gained mutation: You are partially covered in icy blue
                  | scales. (AC +2) [demonic ancestry]
  4490 | D:5      | Reached XP level 7. HP: 19/57 MP: 4/7
  4736 | D:5      | Noticed Dowan
  4737 | D:5      | Noticed Duvessa
  5227 | D:5      | Found a runed translucent door.
  5229 | D:5      | Found a runed translucent door.
  5229 | D:5      | Noticed a vampire mosquito
  5230 | D:5      | Noticed a vampire mosquito
  5350 | D:5      | Gained mutation: You regenerate a little health from kills.
                  | [demonic ancestry]
  5350 | D:5      | Reached XP level 8. HP: 64/65 MP: 6/8
  5460 | D:5      | Reached **** piety under Okawaru
  5461 | D:5      | Reached skill level 4 in Shields
  5622 | D:5      | Received a gift from Okawaru
  5815 | D:5      | Noticed Ijyb
  5827 | D:5      | Killed Ijyb
  6049 | D:5      | Noticed benadryl's ghost (novice DgHu)
  6121 | D:6      | Reached skill level 1 in Invocations
  6270 | D:6      | Identified the +5 ring mail of the Loofah {Int+4}
  6473 | D:6      | Noticed Edmund
  6486 | D:6      | Killed Edmund
  6487 | D:6      | Reached skill level 5 in Long Blades
  6725 | D:6      | Reached skill level 5 in Shields
  6985 | D:6      | Found a sparkling altar of Nemelex Xobeh.
  7468 | D:7      | Found a staircase to the Ecumenical Temple.
  7563 | D:7      | Gained mutation: You are mostly covered in icy blue scales.
                  | (AC +3) [demonic ancestry]
  7563 | D:7      | Reached XP level 9. HP: 40/73 MP: 6/11
  8527 | D:8      | Noticed Grum
  8600 | D:8      | Killed Grum
  8671 | D:8      | Noticed a two-headed ogre
  8696 | D:8      | Killed a two-headed ogre
  8700 | D:8      | Reached skill level 6 in Shields
  8937 | D:8      | Reached XP level 10. HP: 49/82 MP: 7/12
  9109 | D:8      | Noticed a two-headed ogre
  9178 | D:8      | Killed a two-headed ogre
  9310 | D:8      | Noticed Erica
  9381 | D:8      | Killed Erica
  9559 | D:8      | Noticed Pikel
  9575 | D:8      | Killed Pikel
  9576 | D:8      | Reached skill level 7 in Shields
  9683 | D:8      | Noticed Psyche
  9687 | D:8      | Noticed Joseph
  9689 | D:8      | Killed Psyche
  9717 | D:8      | Killed Joseph
  9900 | D:8      | Reached ***** piety under Okawaru
  9913 | D:8      | Reached skill level 10 in Fighting
  9917 | D:8      | Gained mutation: You are completely covered in icy blue
                  | scales. (AC +4, rC+) [demonic ancestry]
  9917 | D:8      | Reached XP level 11. HP: 30/90 MP: 7/13
 10141 | D:8      | Reached skill level 10 in Long Blades
 10210 | D:8      | Noticed a tengu warrior
 10228 | D:8      | Killed a tengu warrior
 11047 | D:9      | Identified the +1 great sword of Inconvenience {flame,
                  | rElec rC+ MP+9} (Okawaru gifted it to you on level 9 of the
                  | Dungeon)
 11047 | D:9      | Received a gift from Okawaru
 11060 | D:9      | Reached skill level 8 in Shields
 11275 | D:9      | Found Pelyece's Jewellery Shop.
 11440 | D:9      | Received a gift from Okawaru
 12010 | D:10     | Entered Level 10 of the Dungeon
 12529 | D:10     | Received a gift from Okawaru
 12534 | D:10     | Identified the +7 falchion "Beetlebane" {heavy, rF+ Dex+3}
 12692 | D:10     | Found a bloodstained altar of Trog.
 12699 | D:10     | Found a burning altar of Makhleb.
 12700 | D:10     | Found a shimmering altar of Xom.
 12749 | D:10     | Found an opulent altar of Gozag.
 12800 | D:11     | Noticed a boulder beetle
 12812 | D:11     | Killed a boulder beetle
 12813 | D:11     | Reached XP level 12. HP: 83/100 MP: 11/14
 12897 | D:11     | Found a staircase to the Orcish Mines.
 12927 | D:11     | Reached skill level 1 in Armour
 12938 | D:11     | Found a gate leading to a gauntlet.
 12942 | Gauntlet | Entered a Gauntlet
 12942 | Gauntlet | Found a transporter.
 12942 | Gauntlet | Found a transporter.
 12960 | Gauntlet | Found a transporter.
 12964 | Gauntlet | Found a transporter.
 12972 | Gauntlet | Found a transporter.
 12976 | Gauntlet | Found a transporter.
 12982 | Gauntlet | Noticed a quicksilver ooze
 12985 | Gauntlet | Found a transporter.
 12999 | Gauntlet | Found a runed translucent door.
 13000 | Gauntlet | Found a transporter.
 13001 | Gauntlet | Found a runed translucent door.
 13014 | Gauntlet | Found a transporter.
 13018 | Gauntlet | Found a transporter.
 13018 | Gauntlet | Noticed a catoblepas
 13029 | Gauntlet | Found a transporter.
 13030 | Gauntlet | Found a transporter.
 13132 | Gauntlet | Identified the ring of Itonn {rN+ Int+2 Stlth+}
 13145 | Gauntlet | Killed a catoblepas
 13286 | Gauntlet | Killed a quicksilver ooze
 13287 | Gauntlet | Reached skill level 9 in Shields
 13403 | Gauntlet | Identified the +11 lajatang of the Shouting Goat {pain,
                  | rPois rF+ rN+}
 13403 | Gauntlet | Noticed a minotaur
 13414 | Gauntlet | Killed a minotaur
 14104 | D:11     | Found a shimmering altar of Xom.
 14138 | D:11     | Noticed Erolcha
 14155 | D:11     | Killed Erolcha
 14156 | D:11     | Reached skill level 5 in Invocations
 14337 | D:11     | Found a staircase to the Lair.
 14404 | D:11     | Found a shimmering altar of Xom.
 14404 | D:11     | Found a shimmering altar of Xom.
 14405 | D:11     | Found a shimmering altar of Xom.
 14408 | D:11     | Found a shimmering altar of Xom.
 14408 | D:11     | Found a shimmering altar of Xom.
 14413 | D:11     | Found a shimmering altar of Xom.
 14434 | D:11     | Found Efes Hez's Book Boutique.
 14894 | D:5      | Killed benadryl's ghost
 14982 | D:5      | Killed Duvessa
 14988 | D:5      | Killed Dowan
 15195 | D:11     | Reached skill level 5 in Dodging
 15382 | Lair:1   | Entered Level 1 of the Lair of Beasts
 16194 | Lair:2   | Paralysed by a floating eye for 4 turns
 16386 | Lair:2   | Received a gift from Okawaru
 16414 | Lair:2   | Reached XP level 13. HP: 18/107 MP: 11/17
 17477 | Lair:2   | Received a gift from Okawaru
 17770 | Lair:2   | Found a staircase to the Snake Pit.
 17818 | Lair:2   | Found a staircase to the Shoals.
 18424 | Lair:3   | Noticed Kirke
 18443 | Lair:3   | Killed Kirke
 18535 | Lair:3   | Reached skill level 10 in Shields
 18768 | Lair:3   | Reached skill level 5 in Armour
 19193 | Lair:3   | Received a gift from Okawaru
 19432 | Lair:3   | Noticed Snorg
 19446 | Lair:3   | Killed Snorg
 19975 | Lair:4   | Reached ****** piety under Okawaru
 19975 | Lair:4   | Received a gift from Okawaru
 20534 | Lair:4   | Found a runed translucent door.
 20536 | Lair:4   | Identified the +1 spear of the Modern Queens {freeze,
                  | Stlth+}
 20538 | Lair:4   | Noticed lotum's ghost (journeyman DrCj)
 21159 | Lair:4   | Gained mutation: You have a pair of antennae on your head.
                  | [demonic ancestry]
 21159 | Lair:4   | Reached XP level 14. HP: 97/116 MP: 14/18
 21575 | Lair:4   | Reached skill level 11 in Shields
 21582 | Lair:4   | Paralysed by a hornet for 1 turns
 21750 | Lair:4   | Killed lotum's ghost
 21887 | Lair:5   | Entered Level 5 of the Lair of Beasts
 22018 | Lair:4   | Received a gift from Okawaru
 22202 | Lair:5   | Found a transporter.
 22237 | Lair:5   | Noticed javelincjr's ghost (adept DjCj)
 22381 | Lair:5   | Identified a scroll of acquirement
 22381 | Lair:5   | Acquired a +4 demon blade of draining
 22390 | Lair:5   | Found a staircase to the Slime Pits.
 22390 | Lair:5   | Found a viscous altar of Jiyva.
 22604 | Lair:5   | Found a transporter.
 23084 | Lair:5   | Received a gift from Okawaru
 23560 | Lair:5   | Reached skill level 12 in Shields
 23615 | Lair:5   | Got the Vellum of Posthumous Degeneration
 23691 | Lair:5   | Received a gift from Okawaru
 23985 | Lair:5   | Paralysed by a hornet for 2 turns
 24308 | D:11     | Bought a manual of Shields for 1120 gold pieces
 24362 | Orc:1    | Entered Level 1 of the Orcish Mines
 24516 | Orc:1    | Identified the +0 scale mail "Tomous" {rC+ Dex+2} (Okawaru
                  | gifted it to you on level 1 of the Orcish Mines)
 24516 | Orc:1    | Received a gift from Okawaru
 24974 | Orc:2    | Entered Level 2 of the Orcish Mines
 25098 | Orc:2    | Reached skill level 5 in Throwing
 25197 | Orc:2    | Found Axaytza's Jewellery Emporium.
 25277 | Orc:2    | Found Giku's Distillery.
 25517 | Orc:2    | Reached skill level 13 in Shields
 25688 | Orc:2    | Reached XP level 15. HP: 113/124 MP: 17/19
 26196 | Orc:2    | Found a staircase to the Elven Halls.
 26272 | Orc:2    | Paralysed by an orc sorcerer for 3 turns
 26277 | Orc:2    | HP: 5/111 [orc sorcerer/bolt of negative energy (26)]
 26278 | Orc:2    | HP: 2/111 [orc priest/divine providence (3)]
 26648 | Orc:2    | Found Wuhe Syu's Armour Shop.
 27501 | Orc:2    | Found Xeno's Antique Armour Emporium.
 27655 | Orc:2    | Reached skill level 14 in Shields
 27918 | D:12     | Noticed Urug
 27921 | D:12     | Killed Urug
 28070 | D:12     | Found an opulent altar of Gozag.
 28891 | D:13     | Received a gift from Okawaru
 29013 | D:13     | Noticed Frances
 29343 | D:13     | Reached skill level 15 in Shields
 29432 | D:13     | Killed Frances
 29588 | Orc:2    | Bought the ring "Seddawoh" {rElec Str+4 Dex+6 Stlth+} for
                  | 979 gold pieces
 29767 | D:13     | Got the Compendium of Cinders
 29997 | D:13     | Noticed Azrael
 30038 | D:13     | Killed Azrael
 30134 | D:13     | Noticed Nessos
 30159 | D:13     | Killed Nessos
 30573 | D:14     | Reached skill level 16 in Shields
 30841 | D:14     | Received a gift from Okawaru
 30908 | D:14     | Identified the +1 plate armour "Coziaqoywi" {Fly rC+ rN+
                  | Str+3} (Okawaru gifted it to you on level 14 of the
                  | Dungeon)
 30908 | D:14     | Received a gift from Okawaru
 30981 | D:14     | Gained mutation: You are robust. (+10% HP) [demonic
                  | ancestry]
 30981 | D:14     | Reached XP level 16. HP: 49/147 MP: 14/20
 31855 | D:14     | Found a gate to the Vaults.
 32071 | D:14     | Noticed Jorgrun
 32094 | D:14     | Killed Jorgrun
 32483 | D:15     | Entered Level 15 of the Dungeon
 32953 | D:15     | Found an ancient bone altar of Kikubaaqudgha.
 33140 | D:15     | Reached skill level 15 in Fighting
 33220 | D:15     | Found a staircase to the Depths.
 33834 | D:15     | Reached skill level 17 in Shields
 34382 | Shoals:1 | Entered Level 1 of the Shoals
 35805 | Shoals:1 | Reached skill level 10 in Armour
 36823 | Shoals:2 | Identified the +2 hat "Cuzobuv" {rC- Int+3 Dex+3} (Okawaru
                  | gifted it to you on level 2 of the Shoals)
 36823 | Shoals:2 | Received a gift from Okawaru
 37229 | Shoals:2 | Noticed Ilsuiw
 37268 | Shoals:2 | HP: 1/149 [merfolk javelineer/javelin[Ilsuiw] (9)]
 38137 | Shoals:2 | Noticed a kraken
 38749 | Shoals:2 | Killed a kraken
 39480 | Shoals:3 | Reached skill level 18 in Shields
 40150 | Shoals:3 | Gained mutation: You have a pair of large antennae on your
                  | head. (SInv) [demonic ancestry]
 40150 | Shoals:3 | Reached XP level 17. HP: 144/158 MP: 21/21
 40913 | Shoals:4 | Entered Level 4 of the Shoals
 40917 | Shoals:4 | Identified the +5 ring mail of Wyco {Will- Int+3 Dex+2
                  | Stlth+}
 41404 | Shoals:4 | Received a gift from Okawaru
 41477 | Shoals:4 | Noticed Polyphemus
 41508 | Shoals:4 | Killed Polyphemus
 41638 | Shoals:4 | Received a gift from Okawaru
 41841 | Shoals:4 | HP: 6/159 [merfolk javelineer/javelin (7)]
 42216 | Shoals:4 | Got a barnacled rune of Zot
 42338 | Shoals:4 | Identified the staff of cold "Ytugunn" {rElec rPois rC+
                  | rCorr Int+4}
 43068 | Elf:1    | Entered Level 1 of the Elven Halls
 43353 | Elf:1    | Found Aheniukh's Weapon Shoppe.
 43353 | Elf:1    | Found Dovilu Gofu's Weapon Shoppe.
 43353 | Elf:1    | Found Qiop's Magic Scroll Emporium.
 43357 | Elf:1    | Found Vituwubbi's Antique Weapon Emporium.
 43366 | Elf:1    | Bought a scroll of enchant armour for 112 gold pieces
 43366 | Elf:1    | Bought a scroll of teleportation for 45 gold pieces
 43366 | Elf:1    | Bought a scroll of teleportation for 45 gold pieces
 43366 | Elf:1    | Bought a scroll of teleportation for 45 gold pieces
 43378 | Elf:1    | Received a gift from Okawaru
 43561 | Elf:1    | Reached skill level 19 in Shields
 43647 | Elf:1    | Got the Handbook of Big Damage
 43668 | Elf:1    | Noticed Roxanne
 43700 | Elf:1    | Killed Roxanne
 44063 | Elf:1    | Identified the +2 robe of the Devil's Team {rN+ Str+4}
 44449 | Elf:2    | Received a gift from Okawaru
 44975 | Elf:2    | Found a runed translucent gate.
 44976 | Elf:2    | Found a runed translucent gate.
 44976 | Elf:2    | Found a runed translucent gate.
 45335 | Elf:2    | Reached XP level 18. HP: 168/168 MP: 22/22
 45341 | Elf:2    | Reached skill level 10 in Dodging
 45675 | Elf:2    | Identified the +0 scimitar of the Cup {heavy, Fragile rC+
                  | Dex+4} (Okawaru gifted it to you on level 2 of the Elven
                  | Halls)
 45675 | Elf:2    | Received a gift from Okawaru
 46248 | Elf:3    | Entered Level 3 of the Elven Halls
 46291 | Elf:3    | Identified the +9 dire flail "Vesih" {pain, Stlth+}
 46618 | Abyss:3  | Cast into level 3 of the Abyss (a deep elf sorcerer)
 46640 | Abyss:3  | Found a corrupted altar of Lugonu.
 46670 | Abyss:3  | Paralysed by accursed screaming for 1 turns
 46683 | Abyss:3  | Paralysed by accursed screaming for 1 turns
 46689 | Abyss:3  | Paralysed by accursed screaming for 1 turns
 46754 | Abyss:3  | Found a corrupted altar of Lugonu.
 46980 | Abyss:3  | Found a corrupted altar of Lugonu.
 47064 | Abyss:3  | Gained mutation: Your body sometimes deteriorates upon
                  | taking damage. [a neqoxec]
 47090 | Abyss:3  | HP: 2/169 [starcursed mass/accursed screaming[a demonspawn
                  | corrupter] (8)]
 47093 | Abyss:3  | Engulfed by a death drake's foul pestilence

Illustrated notes

Levels and vault maps discovered:
D:1:      dpeg_arrival_chambers_temple_mockup, layout_loops_ring,
          minmay_misc_feat_chi, st_stairs_3, minmay_pentomino_w2
D:2:      layout_basic, basic_altar, serial_bayou_ford_a
D:3:      layout_basic, basic_ecumenical_altar, uniq_robin
D:4:      layout_basic
D:5:      lemuel_insect_pit, layout_layer_cave, gammafunk_ghost_icy,
          minmay_misc_feat_diagonals, minmay_misc_feat_roman,
          minmay_fractal_squares_5, uniq_ijyb, uniq_grinder, uniq_duvessa
D:6:      layout_rooms, nemelex_altar_shiori, serial_co_window_serial,
          co_window_paths_a, co_window_corner_a, co_window_paths_a,
          co_window_paths_b, co_window_corner_a, co_window_paths_a,
          co_window_paths_a, co_window_corner_a, co_window_corner_a,
          co_window_corner_b, co_window_corner_b, co_window_corner_ca,
          co_window_4corner_b, co_window_paths_d, glass_columns_a,
          glass_columns_a, glass_columns_a, glass_columns_a, glass_columns_a,
          uniq_edmund
D:7:      layout_rooms, minmay_temple_entry_enclosed_plants, serial_glass,
          glass_columns_b, glass_columns_c
D:8:      minmay_quarter_circles, layout_basic, uniq_grum, uniq_joseph,
          uniq_pikel, uniq_psyche, uniq_erica
D:9:      layout_small_grid, serial_shops, shop, nicolae_looking_at_the_future
D:10:     layout_rooms, pdpol_temple_overflow_zin_treasury_gozag_greed,
          grunt_temple_overflow_champion_of_chaos,
          nicolae_overflow_two_pavilions
D:11:     layout_basic, grunt_lair_entry_orc_guard_hut, orc_0_dummy,
          portal_ice_cave_entry_animals_and_master, serial_shops,
          nicolae_shop_peninsula, gauntlet_entry_generic,
          nicolae_xom_altar_mimics, uniq_erolcha
D:12:     layout_small_grid, grunt_gozag_statues, uniq_urug
D:13:     hangedman_cross_cluster, layout_loops_cross, uniq_frances,
          uniq_nessos, uniq_azrael
D:14:     layout_loops_ring, grunt_vaults_entry_tiered, uniq_jorgrun
D:15:     grunt_enter_depths_hoard, layout_basic,
          nicolae_kikubaaqudgha_miasma_corner, argonaut_gorgonesque
Lair:1:   layout_regular_city
Lair:2:   layout_roguey, minmay_shoals_entry_beasts,
          guppyfry_snake_entry_garden, disabler_island
Lair:3:   layout_chaotic_city, st_stairs_4, uniq_kirke, uniq_snorg
Lair:4:   layout_gridlike, ebering_ghost_funeral_grove, pond,
          infiniplex_staircase_pool_2, serial_bayou_shore_b,
          serial_bayou_shore_a
Lair:5:   minmay_lair_end_enchanted_forest, layout_regular_city,
          minmay_slime_entry_jelly_boxes, gammafunk_ghost_arena
Shoals:1: layout_shoals, nicolae_shoals_undead_eyrie
Shoals:2: layout_shoals, uniq_ilsuiw
Shoals:3: layout_shoals
Shoals:4: shoals_end_hangedman, layout_shoals, uniq_polyphemus
Orc:1:    layout_diamond_mine
Orc:2:    pubby_orc_utopia
Elf:1:    nicolae_elf_arrival_fired_up, layout_geoelf_grid,
          minmay_elf_annihilation, dreamdust_mushroom_princess,
          minmay_shoptagon, uniq_roxanne
Elf:2:    nicolae_elf_blades_crystal_corner, layout_geoelf_grid, minivault_24
Elf:3:    nooodl_elf_gasket, layout_rooms
Abyss:3:  base: D:9, evilmike_abyss_exit_15

Skill      XL: |  1  2  3  4  5  6  7  8  9 10 11 12 13 14 15 16 17 18 |
---------------+-------------------------------------------------------+-----
Dodging        | 3 5 8 9 10 | 10.7
Unarmed Combat | 3 |  3.0
Fighting       | 4 5 6 7 8 10 11 12 13 14 15 16 17 | 17.1
Long Blades    | 1 2 3 4 5 7 9 11 12 14 | 14.1
Shields        | 1 2 3 5 6 7 8 9 10 13 16 18 19 | 19.3
Throwing       | 1 2 5 6 7 |  7.3
Invocations    | 3 6 7 |  7.1
Armour         | 3 5 7 9 10 11 | 11.3

Action                     |  1- 3 |  4- 6 |  7- 9 | 10-12 | 13-15 | 16-18 || total
---------------------------+-------+-------+-------+-------+-------+-------++-------
  Melee: Unarmed           |    64 |       |       |       |       |       ||    64
         Long sword        |    42 |   219 |   181 |       |       |       ||   442
         Falchion          |       |       |   173 |   451 |   491 |   426 ||  1541
         Scimitar          |       |       |       |   438 |    10 |       ||   448
         Demon blade       |       |       |       |       |  1491 |  1236 ||  2727
         Double sword      |       |       |       |       |    56 |       ||    56
  Throw: Boomerang         |     1 |    20 |    65 |    15 |       |       ||   101
         Javelin           |       |       |       |       |    45 |    32 ||    77
 Invoke: Heroism           |       |     2 |    13 |    17 |    12 |    15 ||    59
         Finesse           |       |       |       |     4 |     3 |     5 ||    12
  Evoke: Wand              |       |       |       |       |     5 |     1 ||     6
         Lightning rod     |       |       |       |       |     3 |       ||     3
    Use: Potion            |     1 |     4 |     3 |       |     6 |     8 ||    22
         Scroll            |       |     6 |     4 |     2 |    27 |     5 ||    44
   Stab: Sleeping          |       |       |       |       |     3 |       ||     3
         Distracted        |       |       |       |       |       |     1 ||     1
         Held in net/web   |       |       |       |       |       |     3 ||     3
 Armour: Robe              |    31 |    28 |       |       |       |       ||    59
         Scale mail        |       |    39 |    60 |       |       |       ||    99
         Ring mail         |       |       |    89 |   365 |   909 |    16 ||  1379
         Skin              |       |       |    13 |       |       |       ||    13
         Plate armour      |       |       |       |       |       |   785 ||   785
  Dodge: Dodged            |    79 |   153 |   171 |   360 |   846 |   561 ||  2170
  Block: Buckler           |       |    40 |   101 |   108 |       |       ||   249
         Kite shield       |       |       |       |   320 |  1490 |  1414 ||  3224
         Reflection        |       |       |       |       |       |    89 ||    89

Table legend: (Time is in decaauts)
 A = Elapsed time spent in this place.
 B = Non-inter-level travel time spent in this place.
 C = Inter-level travel time spent in this place.
 D = Time resting spent in this place.
 E = Time spent auto-exploring this place.
 F = Levels seen in this place.
 G = Mean time per level.
                   A        B        C        D        E       F      G
               +--------+--------+--------+--------+--------+-----+--------+
         Total |  46473 |  43898 |   2575 |   9907 |  23516 |  31 | 1499.1 |
       Dungeon |  21137 |  19610 |   1527 |   3121 |  12144 |  15 | 1409.1 |
          Lair |   9950 |   9372 |    578 |   2613 |   4824 |   5 | 1990.0 |
        Shoals |   7193 |   6985 |    208 |   2177 |   2845 |   4 | 1798.2 |
  Orcish Mines |   3555 |   3367 |    188 |    692 |   1820 |   2 | 1777.5 |
   Elven Halls |   3469 |   3397 |     72 |    950 |   1573 |   3 | 1156.3 |
         Abyss |    463 |    463 |      0 |    102 |     57 |   1 |  463.0 |
      Gauntlet |    703 |    703 |      0 |    252 |    252 |   1 |  703.0 |
               +--------+--------+--------+--------+--------+-----+--------+

Top non-repeatable levels by time:
  Lair:2: 3033 daAuts
   Orc:2: 2872 daAuts
Shoals:2: 2623 daAuts
     D:8: 2548 daAuts
  Lair:4: 2277 daAuts
     D:5: 1993 daAuts
  Lair:5: 1923 daAuts
   Elf:2: 1900 daAuts
Shoals:4: 1817 daAuts
    D:15: 1746 daAuts
    D:11: 1692 daAuts
    D:13: 1688 daAuts
     D:4: 1653 daAuts
    D:14: 1611 daAuts
Shoals:3: 1569 daAuts
